 Dungeon Crawl Stone Soup version 0.26-a0-652-gafc20e3620 (webtiles) character file.

Game seed: 3040261040346625433

37 mg7810 the Stinger (level 3, 0/26 HPs)
             Began as a Draconian Venom Mage on Oct 1, 2020.
             Succumbed to miscasting Mephitic Cloud's poison
             ... on level 1 of the Dungeon on Oct 3, 2020.
             The game lasted 00:09:21 (1208 turns).

mg7810 the Stinger (Draconian Venom Mage)           Turns: 1208, Time: 00:09:21

Health: 0/26       AC:  5    Str: 10    XL:     3   Next: 21%
Magic:  1/6        EV: 12    Int: 16    God:
Gold:   66         SH:  0    Dex: 11    Spells: 0/6 levels left

rFire    . . .     SeeInvis .   (no weapon)
rCold    . . .     Faith    .   (no shield)
rNeg     . . .     Spirit   .   (armour unavailable)
rPois    .         Reflect  .   (helmet restricted)
rElec    .         Harm     .   (no cloak)
rCorr    .         Rampage  .   (no gloves)
MR       .....                  (no boots)
Stlth    ++........             (no amulet)
HPRegen  0.08/turn              (no ring)
MPRegen  0.10/turn              (no ring)

@: lethally poisoned (0 -> -4), very slightly contaminated, invisible
A: unfitting armour, cold-blooded, AC +5
a: no special abilities


You were on level 1 of the Dungeon.
You visited 1 branch of the dungeon, and saw 1 of its levels.

You collected 66 gold pieces.

Inventory:

Scrolls
 a - a scroll of teleportation {unknown}
 c - 2 scrolls of identify
 d - a scroll of random uselessness {unknown}


   Skills:
 + Level 2.3 Dodging
 + Level 1.9 Stealth
 + Level 0.1 Unarmed Combat
 + Level 2.2 Spellcasting
 * Level 0.1 Conjurations
 + Level 1.2 Transmutations
 + Level 3.5 Poison Magic


You couldn't memorise any spells.
You knew the following spells:

 Your Spells              Type           Power        Failure   Level
a - Sting                 Tmut/Pois      #...         8%          1
b - Poisonous Vapours     Pois/Air       #.....       16%         2
c - Mephitic Cloud        Conj/Pois/Air  #.......     36%         3

Your spell library contained the following spells:

 Spells                   Type           Power        Failure   Level
 Ignite Poison            Fire/Tmut/Pois #.......     32%         3
 Olgreb's Toxic Radiance  Pois           ##......     43%         4


Dungeon Overview and Level Annotations

Branches:
Dungeon (1/15)

Altars:


Innate Abilities, Weirdness & Mutations

Your plain brown scales are hard. (AC +5)
You cannot fit into any form of body armour.
You are cold-blooded and may be slowed by cold attacks.


Message History

You are more poisoned.
* * * LOW HITPOINT WARNING * * *
You feel sick. The goblin hits you but does no damage.
It was a potion of invisibility.
You fade into invisibility!
* * * LOW HITPOINT WARNING * * *
You feel sick. The rat bites you.
* * * LOW HITPOINT WARNING * * *
The goblin closely misses you.
* * * LOW HITPOINT WARNING * * *
You feel sick.
You aren't carrying any potions.
Unknown command.
* * * LOW HITPOINT WARNING * * *
You feel sick.
* * * LOW HITPOINT WARNING * * *
You feel sick.
* * * LOW HITPOINT WARNING * * *
You feel sick.
You die...

#..#.....#..#........'.'.#.'(
#.............##.....###.#.##
##..#.#...............###.#.#.
#..........##.#######..##.....
#.##.####..##g# ##...#....
#..#.## #[....################
##....###.##..##........##8##8
#......##.##.......####.'.....
#......##..##@#..#.[# ####8##8
#......###..........##########
#....................†.††...##
#......#.#..#.#.###.#######...
#......#.##.#...###.## #.##
########.............# #.#.
##...>.......#.### #...
#.............#...# #..#
#(.####..†....###.####..#


You could see a goblin.

Vanquished Creatures
  A leopard gecko (D:1)
  2 ball pythons (D:1)
  5 bats (D:1)
  2 giant cockroaches (D:1)
  6 goblins (D:1)
  3 hobgoblins (D:1)
  4 jackals (D:1)
  2 kobolds (D:1)
  3 frilled lizards (D:1)
  2 rats (D:1)
30 creatures vanquished.

Vanquished Creatures (others)
  A bat (D:1)
1 creature vanquished.

Grand Total: 31 creatures vanquished

Notes
Turn   | Place    | Note
-------+----------+-------------------------------------------
     0 | D:1      | mg7810 the Draconian Venom Mage began the quest for the
                  | Orb.
     0 | D:1      | Reached XP level 1. HP: 14/14 MP: 3/3
    88 | D:1      | Reached XP level 2. HP: 13/20 MP: 0/5
   115 | D:1      | HP: 1/20 [hobgoblin/+0 club (2)]
   450 | D:1      | Learned a level 2 spell: Poisonous Vapours
  1017 | D:1      | Reached XP level 3. HP: 26/26 MP: 1/6
  1043 | D:1      | Learned a level 3 spell: Mephitic Cloud
  1205 | D:1      | HP: 1/26 [poisoned by miscasting Mephitic Cloud]
  1208 | D:1      | Succumbed to miscasting Mephitic Cloud's poison

Illustrated notes

Levels and vault maps discovered:
D:1:      shiori_arrival_oz, layout_rooms, dk_noncrumbling_2,
          minmay_crystal_room, minmay_unequal

Skill      XL: |  1  2 |
---------------+-------+-----
Dodging        | 2 |  2.3
Stealth        | |  1.9
Unarmed Combat | |  0.1
Spellcasting   | |  2.2
Conjurations   | |  0.1
Transmutations | |  1.2
Poison Magic   | |  3.5

Action                   || total
-------------------------++-------
Melee: Unarmed           ||    38
       Tailslap          ||     1
 Cast: Sting             ||    33
       Poisonous Vapours ||     4
  Use: Scroll            ||     1
       Potion            ||     1
Armor: Skin              ||    43
Dodge: Dodged            ||    80

Table legend: (Time is in decaauts)
 A = Elapsed time spent in this place.
 B = Non-inter-level travel time spent in this place.
 C = Inter-level travel time spent in this place.
 D = Time resting spent in this place.
 E = Time spent auto-exploring this place.
 F = Levels seen in this place.
 G = Mean time per level.
                   A        B        C        D        E       F      G
               +--------+--------+--------+--------+--------+-----+--------+
         Total |   1207 |   1207 |      0 |     47 |    864 |   1 | 1207.0 |
       Dungeon |   1207 |   1207 |      0 |     47 |    864 |   1 | 1207.0 |
               +--------+--------+--------+--------+--------+-----+--------+

Top non-repeatable levels by time:
     D:1: 1207 daAuts
